 Dungeon Crawl Stone Soup version 0.22-a0-348-gd16d139 (webtiles) character file.

14756 xccam the Cleaver (level 12, -8/94 HPs)
             Began as a Gnoll Wanderer on Apr 8, 2018.
             Was a Priest of Cheibriados.
             Killed from afar by Harold (18 damage)
             ... with a bolt of fire
             ... on level 10 of the Dungeon.
             The game lasted 00:35:51 (13537 turns).

xccam the Cleaver (Gnoll Wanderer)                 Turns: 13537, Time: 00:35:51

Health: -8/94      AC: 16    Str: 24    XL:     12   Next: 19%
Magic:  12/22      EV: 17    Int: 31    God:    Cheibriados [***...]
Gold:   579        SH:  0    Dex: 26    Spells: 23/24 levels left

rFire    . . .     SeeInvis .   w - +2 flail (crush)
rCold    . . .     Gourm    .   (no shield)
rNeg     + . .     Faith    .   g - +0 plate armour (curse)
rPois    +         Spirit   .   q - +0 helmet "Hiugg" {rPois Str+2 Int+8 Dex-2}
rElec    .         Reflect  .   (no cloak)
rCorr    .         Harm     .   (no gloves)
MR       .....                  d - +0 pair of boots
Stlth    ..........             (no amulet)
HPRegen  0.25/turn              e - +5 ring of evasion
MPRegen  0.18/turn              I - ring of positive energy

@: very slightly contaminated, very slow
A: distributed training, fangs 1, strong nose
a: Bend Time, Temporal Distortion, Renounce Religion


You were on level 10 of the Dungeon.
You worshipped Cheibriados.
Cheibriados was most pleased with you.
You were hungry.

You visited 2 branches of the dungeon, and saw 11 of its levels.
You also visited: Sewer and Bailey.

You collected 579 gold pieces.

Inventory:

Hand Weapons
 a - a +2 hand crossbow
 w - a +2 flail of crushing (weapon)
 L - a +0 whip of electrocution
 N - a +1 bardiche of protection
 O - the +6 executioner's axe "Focaix" {chop, rElec rC+ rN+}
   (You found it in a bailey)

   It inflicts extra damage upon your enemies.
   It protects you from cold.
   It insulates you from electricity.
   It protects you from negative energy.
Missiles
 b - 166 bolts
Armour
 d - a +0 pair of boots (worn)
 g - a cursed +0 plate armour (worn)
 q - the +0 helmet "Hiugg" (worn) {rPois Str+2 Int+8 Dex-2}
   (You took it off Robin on level 2 of the Dungeon)

   It affects your strength (+2).
   It affects your intelligence (+8).
   It affects your dexterity (-2).
   It protects you from poison.
Jewellery
 e - a +5 ring of evasion (left hand)
 y - an uncursed ring of stealth
 I - a ring of positive energy (right hand)
Wands
 x - a wand of scattershot (1)
 D - a wand of polymorph (11)
Scrolls
 c - a scroll of fear
 j - 7 scrolls of teleportation
 l - 3 scrolls of fog
 n - a scroll of holy word {unknown}
 p - 3 scrolls of enchant weapon
 t - 7 scrolls of magic mapping
 z - 3 scrolls of enchant armour
 H - a scroll of remove curse
 K - a scroll of amnesia {unknown}
Potions
 h - a potion of curing
 i - 2 potions of flight
 k - a potion of cancellation
 m - a potion of haste
 o - 3 potions of lignification
 r - a potion of berserk rage {unknown}
 s - a potion of might
 v - a potion of mutation {unknown}
 B - a potion of magic
 C - 2 potions of brilliance
 E - a potion of invisibility {unknown}
 P - a potion of experience {unknown}
Comestibles
 f - 20 rations
 F - 3 chunks of flesh


   Skills:
 + Level 8.4 Fighting
 + Level 6.9 Short Blades
 + Level 6.9 Long Blades
 + Level 9.6 Axes
 + Level 6.9 Maces & Flails
 + Level 6.9 Polearms
 + Level 6.9 Staves
 + Level 6.9 Slings
 + Level 6.9 Bows
 + Level 7.4 Crossbows
 + Level 6.9 Throwing
 + Level 8.4 Armour
 + Level 6.9 Dodging
 + Level 6.9 Stealth
 + Level 7.4 Shields
 + Level 6.9 Unarmed Combat
 + Level 6.9 Spellcasting
 + Level 5.7 Conjurations
 + Level 5.7 Hexes
 + Level 5.7 Charms
 + Level 5.7 Summonings
 + Level 5.7 Necromancy
 + Level 5.7 Translocations
 + Level 5.7 Transmutations
 + Level 5.7 Fire Magic
 + Level 5.7 Ice Magic
 + Level 5.7 Air Magic
 + Level 5.7 Earth Magic
 + Level 5.7 Poison Magic
 + Level 7.6 Invocations
 + Level 7.4 Evocations


You had 23 spell levels left.
You knew the following spells:

 Your Spells              Type           Power        Failure   Level  Hunger
a - Apportation           Tloc           #####.       5%          1    None


Dungeon Overview and Level Annotations

Branches:
Dungeon (10/15)            Temple (1/1) D:6
   Lair: D:8-11         Orc: D:9-12

Altars:
Ashenzari
Cheibriados
Elyvilon
Fedhas
Gozag
Kikubaaqudgha
Makhleb
Nemelex Xobeh
Okawaru
Qazlal
Sif Muna
Trog
Vehumet
Wu Jian
Xom
Yredelemnul
Zin
The Shining One

Annotations:
D:3 Natasha
D:6 1 runed door
D:10 Harold


Innate Abilities, Weirdness & Mutations

Your experience applies equally to all skills.
You have very sharp teeth.
Your uncanny sense of smell can sniff out nearby items.


Message History

Your life force feels restored.
The now-empty wand crumbles to dust.
Harold throws a throwing net.
The throwing net hits you.
You become entangled in the net!
You struggle against the net.
You struggle against the net.
Unknown command.
You rip the net and break free!
Harold throws a throwing net.
The throwing net hits you.
You become entangled in the net!
You tear a large gash into the net.
You struggle against the net.
You struggle against the net.
You shred the net and break free!
Harold hits you from afar with a glaive.
* * * LOW HITPOINT WARNING * * *
Harold closely misses you.
You sock Harold!
Harold is severely wounded.
Harold points at you and mumbles some strange words.
The bolt of fire hits you!
You die...

#...)................
#.....≈≈)))≈≈........
#+###.....≈##.##≈........
..........≈#...#≈.##+###........
........(.≈#.∩.#≈.#....'......?.#
..........≈#...#≈.+....#......$.#
..........≈#####≈...)..#........#
.†......(.≈≈≈≈≈≈≈.######..@.....#
...######.......@@#....#.......#
...#......#....#...)...#.....$.+
...#.....)+....#.......#(......#
...#......#>...#.......).......#
...########...##########....(((#
....#...######## .....######...
....#..........# ..... ).
....#..........#........ .
....#..........#........


You could see Harold.

Vanquished Creatures
  Josephine (D:10)
  A two-headed ogre (D:9)
  Pikel (D:9)
  An orc knight (Bailey)
  The ghost of torrenera the Ogre Mage, a novice OgFE of Vehumet (D:7)
  Joseph (D:10)
  2 centaur zombies
  A gargoyle (D:10)
  A troll (D:9)
  A queen bee (D:9)
  Grinder (D:4)
  A hippogriff (D:8)
  5 wraiths (D:10)
  Sigmund (D:5)
  3 yaks (D:9)
  A hungry ghost (D:9)
  A steam dragon (D:7)
  Edmund (D:4)
  Menkaure (D:4)
  2 ice beasts
  A slave (D:9)
  21 orc warriors
  An eye of draining (D:10)
  A phantom (D:5)
  A sky beast (D:7)
  A black bear (D:4)
  8 centaurs
  5 ogres
  A crocodile (D:10)
  Blork the orc (D:4)
  2 big kobolds
  10 bullfrogs
  A wyvern zombie (D:8)
  A water moccasin zombie (D:9)
  5 scorpions
  16 killer bees
  11 wights
  A howler monkey (D:6)
  6 crimson imps
  A quasit (D:9)
  7 orc priests
  2 centaur skeletons
  A bullfrog skeleton (D:9)
  2 hounds
  2 jellies
  5 iguanas
  Ijyb (D:3)
  Natasha (D:3)
  13 orc wizards
  15 worker ants
  A hound zombie (D:10)
  A hound skeleton (D:5)
  Robin (D:2)
  8 gnolls
  A howler monkey skeleton (D:7)
  14 adders
  3 river rats (Sewer)
  4 shadow imps
  4 oozes
  2 adder skeletons
  2 adder zombies (D:7)
  2 worms
  A dart slug (D:2)
  4 leopard geckos
  45 orcs
  14 ball pythons
  8 giant cockroaches
  26 goblins
  13 hobgoblins
  10 jackals
  19 kobolds
  3 quokkas
  2 bats (D:1)
  9 frilled lizards
  2 quokka zombies
  35 rats
406 creatures vanquished.

Vanquished Creatures (others)
  An orc (D:7)
1 creature vanquished.

Grand Total: 407 creatures vanquished

Notes
Turn   | Place    | Note
-------+----------+-------------------------------------------
     0 | D:1      | xccam the Gnoll Wanderer began the quest for the Orb.
     0 | D:1      | xccam set off with: a +2 hand crossbow, 21 bolts, a +0 mace, a +0 ring mail, a ration
     0 | D:1      | Reached XP level 1. HP: 20/20 MP: 2/2
   117 | D:1      | Reached XP level 2. HP: 26/26 MP: 3/3
   379 | D:1      | Reached XP level 3. HP: 22/31 MP: 4/4
   779 | D:1      | Reached skill level 1 in Invocations
   954 | D:1      | Reached skill level 1 in Short Blades
   954 | D:1      | Reached skill level 1 in Long Blades
   954 | D:1      | Reached skill level 1 in Maces & Flails
   954 | D:1      | Reached skill level 1 in Polearms
   954 | D:1      | Reached skill level 1 in Staves
   954 | D:1      | Reached skill level 1 in Slings
   954 | D:1      | Reached skill level 1 in Bows
   954 | D:1      | Reached skill level 1 in Throwing
   954 | D:1      | Reached skill level 1 in Dodging
   954 | D:1      | Reached skill level 1 in Stealth
   954 | D:1      | Reached skill level 1 in Unarmed Combat
   954 | D:1      | Reached skill level 1 in Spellcasting
  1063 | D:2      | Reached XP level 4. HP: 37/38 MP: 6/6
  1119 | D:2      | Noticed Robin
  1155 | D:2      | Killed Robin
  1155 | D:2      | Reached skill level 1 in Conjurations
  1155 | D:2      | Reached skill level 1 in Hexes
  1155 | D:2      | Reached skill level 1 in Charms
  1155 | D:2      | Reached skill level 1 in Summonings
  1155 | D:2      | Reached skill level 1 in Necromancy
  1155 | D:2      | Reached skill level 1 in Translocations
  1155 | D:2      | Reached skill level 1 in Transmutations
  1155 | D:2      | Reached skill level 1 in Fire Magic
  1155 | D:2      | Reached skill level 1 in Ice Magic
  1155 | D:2      | Reached skill level 1 in Air Magic
  1155 | D:2      | Reached skill level 1 in Earth Magic
  1155 | D:2      | Reached skill level 1 in Poison Magic
  1162 | D:2      | Got a heavily runed helmet
  1168 | D:2      | Identified the +0 helmet "Hiugg" {rPois Str+2 Int+8 Dex-2} (You took it off Robin on level 2 of the Dungeon)
  1287 | D:2      | Reached XP level 5. HP: 43/43 MP: 7/7
  1601 | D:3      | Noticed Natasha
  1615 | D:3      | Killed Natasha
  1798 | D:3      | Found a blossoming altar of Fedhas.
  1822 | D:3      | Reached XP level 6. HP: 24/50 MP: 8/8
  1888 | D:3      | Noticed Natasha
  1979 | D:3      | Noticed Ijyb
  1993 | D:3      | Killed Ijyb
  2002 | D:3      | Found a burning altar of Makhleb.
  2019 | D:3      | Reached skill level 5 in Fighting
  2019 | D:3      | Reached skill level 5 in Armour
  2127 | D:3      | Found a glowing drain.
  2148 | Sewer    | Entered a sewer
  2537 | Sewer    | Reached XP level 7. HP: 56/56 MP: 10/10
  2641 | Sewer    | Reached skill level 7 in Axes
  3132 | D:4      | Noticed Edmund
  3141 | D:4      | Killed Edmund
  3142 | D:4      | Noticed Blork the orc
  3146 | D:4      | Killed Blork the orc
  3248 | D:4      | Reached XP level 8. HP: 53/63 MP: 12/12
  3549 | D:4      | Noticed Menkaure
  3555 | D:4      | Killed Menkaure
  3845 | D:4      | Found a shimmering altar of Xom.
  4034 | D:4      | Noticed Grinder
  4054 | D:4      | Killed Grinder
  4180 | D:5      | Entered Level 5 of the Dungeon
  4264 | D:5      | Noticed Sigmund
  4277 | D:5      | Killed Sigmund
  4743 | D:5      | Reached XP level 9. HP: 68/69 MP: 14/14
  5688 | D:6      | Reached skill level 5 in Crossbows
  5688 | D:6      | Reached skill level 5 in Shields
  5688 | D:6      | Reached skill level 5 in Evocations
  5731 | D:6      | HP: 2/69 [orc warrior/halberd (11)]
  6047 | D:6      | Found a runed door.
  6061 | D:6      | Found a runed door.
  6084 | D:6      | Reached skill level 8 in Axes
  6262 | D:6      | Reached skill level 5 in Invocations
  6490 | D:6      | Found a stormy altar of Qazlal.
  6875 | D:6      | Found a staircase to the Ecumenical Temple.
  6883 | D:6      | Reached XP level 10. HP: 64/77 MP: 17/17
  6894 | Temple   | Entered the Ecumenical Temple
  6911 | Temple   | Became a worshipper of Cheibriados the Contemplative
  7509 | D:7      | Noticed torrenera's ghost (novice OgFE)
  7521 | D:7      | Killed torrenera's ghost
  7521 | D:7      | Reached skill level 5 in Short Blades
  7521 | D:7      | Reached skill level 5 in Long Blades
  7521 | D:7      | Reached skill level 5 in Maces & Flails
  7521 | D:7      | Reached skill level 5 in Polearms
  7521 | D:7      | Reached skill level 5 in Staves
  7521 | D:7      | Reached skill level 5 in Slings
  7521 | D:7      | Reached skill level 5 in Bows
  7521 | D:7      | Reached skill level 5 in Throwing
  7521 | D:7      | Reached skill level 5 in Dodging
  7521 | D:7      | Reached skill level 5 in Stealth
  7521 | D:7      | Reached skill level 5 in Unarmed Combat
  7521 | D:7      | Reached skill level 5 in Spellcasting
  8053 | D:7      | Found an ornate altar of the Wu Jian Council.
  8074 | D:7      | Reached * piety under Cheibriados
  9211 | D:8      | Reached ** piety under Cheibriados
 10175 | D:8      | Found a radiant altar of Vehumet.
 10175 | D:8      | Found a sparkling altar of Nemelex Xobeh.
 10175 | D:8      | Found a basalt altar of Yredelemnul.
 10228 | D:9      | Reached *** piety under Cheibriados
 10242 | D:9      | Reached XP level 11. HP: 42/84 MP: 19/19
 10761 | D:9      | Reached skill level 9 in Axes
 11141 | D:9      | Noticed a two-headed ogre
 11143 | D:9      | Reached skill level 5 in Conjurations
 11143 | D:9      | Reached skill level 5 in Hexes
 11143 | D:9      | Reached skill level 5 in Charms
 11143 | D:9      | Reached skill level 5 in Summonings
 11143 | D:9      | Reached skill level 5 in Necromancy
 11143 | D:9      | Reached skill level 5 in Translocations
 11143 | D:9      | Reached skill level 5 in Transmutations
 11143 | D:9      | Reached skill level 5 in Fire Magic
 11143 | D:9      | Reached skill level 5 in Ice Magic
 11143 | D:9      | Reached skill level 5 in Air Magic
 11143 | D:9      | Reached skill level 5 in Earth Magic
 11143 | D:9      | Reached skill level 5 in Poison Magic
 11155 | D:9      | Killed a two-headed ogre
 11168 | D:9      | Learned a level 1 spell: Apportation
 11192 | D:9      | Reached **** piety under Cheibriados
 11242 | D:9      | Noticed Pikel
 11268 | D:9      | Killed Pikel
 11404 | D:9      | Found a shattered altar of Ashenzari.
 11656 | D:10     | Entered Level 10 of the Dungeon
 11766 | D:10     | Noticed Joseph
 11775 | D:10     | Killed Joseph
 11834 | D:10     | Found a flagged portal.
 12010 | Bailey   | Entered a bailey
 12319 | Bailey   | Noticed an orc knight
 12620 | Bailey   | Killed an orc knight
 12620 | Bailey   | Reached ***** piety under Cheibriados
 13246 | Bailey   | Reached XP level 12. HP: 93/93 MP: 22/22
 13332 | Bailey   | Got a warped executioner's axe
 13336 | Bailey   | Identified the +6 executioner's axe "Focaix" {chop, rElec rC+ rN+} (You found it in a bailey)
 13506 | D:10     | Noticed Josephine
 13509 | D:10     | Noticed Harold
 13528 | D:10     | Killed Josephine
 13537 | D:10     | Killed from afar by Harold

Vault maps used:
D:1:      dpeg_arrival_line_fractal, minmay_misc_feat_x
D:2:      uniq_robin
D:3:      makhleb_grotto_becter, nicolae_overflow_hidden_temple,
          portal_sewer_entry_f, lemuel_another_geyser, uniq_ijyb, uniq_natasha
D:4:      black_bear_nest_1, xom_teletrap_fun, uniq_menkaure, uniq_grinder,
          uniq_edmund, uniq_blork_the_orc
D:5:      first_ration, mrwooster_statue_mirror, nrook_mini_backslash,
          uniq_sigmund
D:6:      lemuel_insect_pit, old_standard_altar, temple_statues
D:7:      old_standard_altar
D:8:      cheibrodos_quashed, gammafunk_temple_overflow_forgotten
D:9:      david_nohive_1, kennysheep_decorative_pillar,
          nicolae_ashenzari_panopticon, uniq_pikel
D:10:     enter_bailey_3, uniq_joseph, uniq_josephine, uniq_harold
Temple:   zaba_magenta_temple
Sewer:    sewer_minmay_w
Bailey:   bailey_polearm_2, bailey

Skill      XL: |  1  2  3  4  5  6  7  8  9 10 11 |
---------------+----------------------------------+-----
Invocations    | 1 2 3 4 5 6 7 |  7.6
Short Blades   | 1 2 3 4 5 6 |  6.9
Long Blades    | 1 2 3 4 5 6 |  6.9
Maces & Flails | 1 2 3 4 5 6 |  6.9
Polearms       | 1 2 3 4 5 6 |  6.9
Staves         | 1 2 3 4 5 6 |  6.9
Slings         | 1 2 3 4 5 6 |  6.9
Bows           | 1 2 3 4 5 6 |  6.9
Throwing       | 1 2 3 4 5 6 |  6.9
Dodging        | 1 2 3 4 5 6 |  6.9
Stealth        | 1 2 3 4 5 6 |  6.9
Unarmed Combat | 1 2 3 4 5 6 |  6.9
Spellcasting   | 1 2 3 4 5 6 |  6.9
Conjurations   | 1 2 3 4 5 |  5.7
Hexes          | 1 2 3 4 5 |  5.7
Charms         | 1 2 3 4 5 |  5.7
Summonings     | 1 2 3 4 5 |  5.7
Necromancy     | 1 2 3 4 5 |  5.7
Translocations | 1 2 3 4 5 |  5.7
Transmutations | 1 2 3 4 5 |  5.7
Fire Magic     | 1 2 3 4 5 |  5.7
Ice Magic      | 1 2 3 4 5 |  5.7
Air Magic      | 1 2 3 4 5 |  5.7
Earth Magic    | 1 2 3 4 5 |  5.7
Poison Magic   | 1 2 3 4 5 |  5.7
Crossbows      | 3 4 5 6 7 |  7.4
Shields        | 3 4 5 6 7 |  7.4
Evocations     | 3 4 5 6 7 |  7.4
Fighting       | 5 6 7 8 |  8.4
Armour         | 5 6 7 8 |  8.4
Axes           | 7 8 9 |  9.6

Action                   |  1- 3 |  4- 6 |  7- 9 | 10-12 || total
-------------------------+-------+-------+-------+-------++-------
Melee: Mace              |   128 |   248 |       |       ||   376
       Bite              |     9 |    30 |    62 |   129 ||   230
       Flail             |       |   123 |   501 |   554 ||  1178
       Punch             |       |       |     5 |    27 ||    32
       Whip              |       |       |       |    86 ||    86
       Bardiche          |       |       |       |     5 ||     5
       Executioner's axe |       |       |       |     8 ||     8
 Fire: Hand crossbow     |       |       |       |   112 ||   112
Invok: Step From Time    |       |       |       |     1 ||     1
       Slouch            |       |       |       |     2 ||     2
       Temporal Distorti |       |       |       |     1 ||     1
Evoke: Wand              |       |       |     4 |     8 ||    12
  Use: Scroll            |       |     2 |     8 |    11 ||    21
       Potion            |       |       |    10 |     8 ||    18
 Stab: Distracted        |       |     1 |       |       ||     1
       Sleeping          |       |       |     4 |       ||     4
  Eat: Chunk             |     1 |     6 |    15 |    11 ||    33
       Ration            |       |       |       |     1 ||     1
Armor: Ring mail         |    70 |   125 |   154 |       ||   349
       Plate armour      |       |       |   139 |   289 ||   428
Dodge: Dodged            |   147 |   405 |   568 |   606 ||  1726

Table legend:
 A = Spawn XP
 B = Non-spawn XP
 C = Spawn XP percentage of total XP
 D = Spawn monster count
 E = Non-spawn monster count
 F = Spawn count percentage of total count
 G = Total turns spent on level
                    A         B        C        D         E        F      G
               +---------+---------+-------+---------+---------+-------+---------
         Total |       0 |   21080 |   0.0 |       0 |     405 |   0.0 | 13537
               +---------+---------+-------+---------+---------+-------+---------
           D:1 |       0 |      76 |   0.0 |       0 |      31 |   0.0 |  1040
           D:2 |       0 |     153 |   0.0 |       0 |      41 |   0.0 |   561
           D:3 |       0 |     326 |   0.0 |       0 |      34 |   0.0 |   763
           D:4 |       0 |    1109 |   0.0 |       0 |      15 |   0.0 |  1071
           D:5 |       0 |    1230 |   0.0 |       0 |      34 |   0.0 |  1503
           D:6 |       0 |    1749 |   0.0 |       0 |      44 |   0.0 |  1724
           D:7 |       0 |    2162 |   0.0 |       0 |      39 |   0.0 |  1389
           D:8 |       0 |    1941 |   0.0 |       0 |      37 |   0.0 |  1394
           D:9 |       0 |    4876 |   0.0 |       0 |      31 |   0.0 |  1431
          D:10 |       0 |    4327 |   0.0 |       0 |      25 |   0.0 |   544
         Sewer |       0 |     342 |   0.0 |       0 |      48 |   0.0 |   745
        Bailey |       0 |    2789 |   0.0 |       0 |      26 |   0.0 |  1337
               +---------+---------+-------+---------+---------+-------+---------
